 Dungeon Crawl Stone Soup version 0.23.2-40-g277498a001 (webtiles) character file.

Game seed: 15681722424263744047

22 Nivan the Conjurer (level 2, -5/20 HPs)
             Began as a Draconian Conjurer on Oct 22, 2019.
             Slain by a hobgoblin
             ... wielding a +0 club
              (6 damage)
             ... on level 2 of the Dungeon.
             The game lasted 00:03:03 (966 turns).

Nivan the Conjurer (Draconian Conjurer)              Turns: 966, Time: 00:03:03

Health: -5/20      AC:  4    Str: 10    XL:     2   Next: 68%
Magic:  0/5        EV: 12    Int: 15    God:
Gold:   21         SH:  0    Dex: 11    Spells: 4/5 levels left

rFire    . . .     SeeInvis .   (no weapon)
rCold    . . .     Gourm    .   (no shield)
rNeg     . . .     Faith    .   (armour unavailable)
rPois    .         Spirit   .   (helmet restricted)
rElec    .         Reflect  .   (no cloak)
rCorr    .         Harm     .   (no gloves)
MR       .....                  (no boots)
Stlth    ++........             (no amulet)
HPRegen  0.06/turn              (no ring)
MPRegen  0.09/turn              (no ring)

@: no status effects
A: unfitting armour, cold-blooded, AC +4
a: no special abilities


You were on level 2 of the Dungeon.
You were not hungry.

You visited 1 branch of the dungeon, and saw 2 of its levels.

You collected 21 gold pieces.

Inventory:

Scrolls
 c - a scroll of enchant weapon {unknown}
 d - 3 scrolls of teleportation {unknown}
 h - a scroll of identify {unknown}
 j - a scroll of blinking {unknown}
Potions
 e - a potion of ambrosia {unknown}
 f - a potion of flight {unknown}
 g - 2 potions of agility
 i - a potion of curing {unknown}
Comestibles
 a - 2 chunks of flesh
 b - 3 rations


   Skills:
 + Level 1.9 Dodging
 + Level 2.0 Stealth
 + Level 2.2 Spellcasting
 + Level 4.5 Conjurations


You had 4 spell levels left.
You knew the following spells:

 Your Spells              Type           Power        Failure   Level  Hunger
a - Magic Dart            Conj           ###.         3%          1    #......

Your spell library contained the following spells:

 Spells                   Type           Power        Failure   Level  Hunger
 Searing Ray              Conj           ###...       5%          2    ###....
 Dazzling Spray           Conj/Hex       #.....       26%         3    ###....
 Iskenderun's Mystic Bla  Conj           ###.....     34%         4    #####..
 Force Lance              Conj/Tloc      #.......     65%         4    #####..
 Fulminant Prism          Conj/Hex       #.........   65%         4    #####..


Dungeon Overview and Level Annotations

Branches:
Dungeon (2/15)

Altars:

Annotations:
D:2 Natasha


Innate Abilities, Weirdness & Mutations

Your plain brown scales are hard. (AC +4)
You cannot fit into any form of body armour.
You are cold-blooded and may be slowed by cold attacks.


Message History

The giant cockroach is almost dead.
The hobgoblin hits you with a +0 club.
The giant cockroach bites you but does no damage.
You are too injured to fight recklessly!
You barely miss the giant cockroach.
The giant cockroach is almost dead.
The giant cockroach barely misses you.
The hobgoblin hits you but does no damage.
A worm comes into view.
The giant cockroach bites you but does no damage.
You hit the giant cockroach.
You kill the giant cockroach!
The hobgoblin hits you with a +0 club.
* * * LOW HITPOINT WARNING * * *
A kobold comes into view. It is wielding a +0 short sword.
The hobgoblin hits you with a +0 club.
* * * LOW HITPOINT WARNING * * *
There is a stone staircase leading up here.
The hobgoblin hits you with a +0 club.
You die...

....... #
..... #.
..... #.
... #.. #.#
#..##%##
#.#......#
#.....%g@#
###......#
#.........
##.....####
###..Kw
#.....
#.##### #.#


You could see a worm, a hobgoblin and a kobold (wandering).

Vanquished Creatures
  A ball python (D:1)
  2 bats (D:1)
  2 giant cockroaches (D:2)
  6 goblins
  3 hobgoblins (D:1)
  A kobold (D:1)
  2 frilled lizards (D:1)
  A rat (D:2)
18 creatures vanquished.

Vanquished Creatures (others)
  3 jackals (D:1)
3 creatures vanquished.

Grand Total: 21 creatures vanquished

Notes
Turn   | Place    | Note
-------+----------+-------------------------------------------
     0 | D:1      | Nivan the Draconian Conjurer began the quest for the Orb.
     0 | D:1      | Reached XP level 1. HP: 14/14 MP: 3/3
   176 | D:1      | Reached XP level 2. HP: 20/20 MP: 0/5
   903 | D:2      | Noticed Natasha
   964 | D:2      | HP: 1/20 [hobgoblin/+0 club (4)]
   966 | D:2      | Slain by a hobgoblin

Skill      XL: |  1  2 |
---------------+-------+-----
Stealth        | 2 |  2.0
Dodging        | |  1.9
Spellcasting   | |  2.2
Conjurations   | |  4.5

Action                   || total
-------------------------++-------
Melee: Unarmed           ||    20
       Tailslap          ||     1
 Cast: Magic Dart        ||    38
  Eat: Chunk             ||     1
Armor: Skin              ||     9
Dodge: Dodged            ||    13
